 Dungeon Crawl Stone Soup version 0.31.0-11-ge490571c62 (webtiles) character file.

Game seed: 5624498137433915132

89663 Aviak the Grappler (level 15, 0/109 HPs)
             Began as an Octopode Shapeshifter on Jan 26, 2024.
             Was an Initiate of Gozag.
             Slain by sanka's ghost (25 damage)
             ... on level 13 of the Dungeon.
             The game lasted 00:54:14 (29215 turns).

Aviak the Grappler (Octopode Shapeshifter)         Turns: 29215, Time: 00:54:15

Health: 0/109      AC: 11    Str: 14    XL:     15   Next: 98%
Magic:  21/21      EV: 26    Int: 25    God:    Gozag
Gold:   848        SH:  5    Dex: 21    Spells: 12/22 levels left

rFire   + +          .
                       - Unarmed
rCold   . . .        (shield currently unavailable)
rNeg    + . .        M - +2 hat
rPois   +            O - amulet of reflection
rElec   .            A - +4 ring of protection
rCorr   +            U - +4 ring of protection
SInv    .            w - +6 ring of intelligence
Will    ++...        z - +6 ring of dexterity
Stlth   +            Z - ring "Kyirchiut" {rPois Dex+3}
HPRegen 0.38/turn    F - ring of protection from fire
MPRegen 0.17/turn    S - ring of willpower
                     Y - ring "Coehot" {+Blink rF+ rN+ rCorr}

%: reflection
@: flux-form, fugue (expiring), hasted, glowing, studying Ranged Weapons, very
quick
A: glow, contaminating, almost no armour, amphibious, 8 rings, camouflage 1,
gelatinous body 1, (nimble swimmer 1), tentacles
a: Begin Untransformation, Renounce Religion, Evoke Blink, Potion Petition, Call
Merchant, Bribe Branch


You were on level 13 of the Dungeon.
You worshipped Gozag.
Gozag was pleased with you.
You were something dangerously unstable.
You visited 4 branches of the dungeon, and saw 21 of its levels.

You collected 6759 gold pieces.
You spent 2663 gold pieces at shops.
You paid 3248 gold pieces to Gozag.

Inventory:

Missiles
 s - 6 throwing nets {!f}
Armour
 I - a +0 buckler
 M - a +2 hat (worn)
 X - a +0 kite shield
Jewellery
 e - a ring of magical power
 j - a ring of magical power
 w - a +6 ring of intelligence (on tentacle)
 z - a +6 ring of dexterity (on tentacle)
 A - a +4 ring of protection (left tentacle)
 F - a ring of protection from fire (on tentacle)
 O - an amulet of reflection (around mantle)
 Q - a +6 ring of intelligence
 S - a ring of willpower (on tentacle)
 U - a +4 ring of protection (right tentacle)
 Y - the ring "Coehot" (on tentacle) {+Blink rF+ rN+ rCorr}
   (You bought it in a shop on level 10 of the Dungeon)

   [ring of protection from fire]

   rF+:       It protects you from fire.
   rN+:       It protects you from negative energy.
   +Blink:    It lets you blink.
   rCorr:     It protects you from acid and corrosion.
 Z - the ring "Kyirchiut" (on tentacle) {rPois Dex+3}
   (You bought it in a shop on level 10 of the Dungeon)

   [ring of poison resistance]

   Dex+3:     It affects your dexterity (+3).
   rPois:     It protects you from poison
Talismans
 D - a blade talisman
 V - a flux talisman (active)
Wands
 u - a wand of charming (13)
 v - a wand of flame (70)
 C - a wand of roots (23)
 E - a wand of mindburst (5)
 N - a wand of polymorph (10)
Scrolls
 a - 5 scrolls of enchant weapon
 b - a scroll of silence {!r}
 d - 3 scrolls of amnesia
 k - 5 scrolls of enchant armour
 n - 3 scrolls of fear
 t - 7 scrolls of teleportation
 x - a scroll of blinking
 y - 2 scrolls of vulnerability {!r}
 B - 2 scrolls of poison
 H - 4 scrolls of fog
 L - 2 scrolls of brand weapon
 R - a scroll of immolation {unknown}
 W - 2 scrolls of revelation
Potions
 c - 2 potions of curing
 f - 2 potions of haste
 g - 4 potions of ambrosia
 l - 5 potions of attraction
 m - 2 potions of mutation {!q}
 o - 6 potions of invisibility
 p - 5 potions of enlightenment
 q - 5 potions of might
 r - 2 potions of berserk rage
 G - 6 potions of brilliance
 K - 2 potions of degeneration {unknown}
 P - a potion of cancellation {unknown}
 T - 2 potions of magic {unknown}


   Skills:
 + Level 12.3 Fighting
 - Level 12.0 Dodging
 - Level 4.3 Shields
 - Level 14.4 Unarmed Combat
 - Level 4.0 Spellcasting
 - Level 2.1 Hexes
 + Level 7.6 Necromancy
 - Level 2.1 Ice Magic
 - Level 6.0 Evocations
 + Level 13.0 Shapeshifting


You had 12 spell levels left.
You knew the following spells:

 Your Spells              Type           Power      Damage    Failure   Level
a - Ensorcelled Hibernat  Hex/Ice        30%        N/A       6%          2
b - Curse of Agony        Necr           43%        N/A       11%         5
f - Fugue of the Fallen   Necr           43%        N/A       1%          3

Your spell library contained the following spells:

 Spells                   Type           Power      Damage    Failure   Level
 Cigotuvi's Dreadful Rot  Necr/Alch/Air  34%        N/A       4%          2
 Tukima's Dance           Hex            15%        N/A       12%         3
 Anguish                  Hex/Necr       14%        N/A       12%         4
 Lesser Beckoning         Tloc           10%        N/A       14%         2
 Dazzling Flash           Conj/Hex       20%        N/A       19%         3
 Summon Ice Beast         Ice/Summ       10%        N/A       19%         3
 Gell's Gravitas          Tloc           5%         N/A       26%         3
 Mephitic Cloud           Conj/Alch/Air  5%         N/A       26%         3
 Teleport Other           Tloc           5%         N/A       26%         3
 Dimensional Bullseye     Hex/Tloc       5%         N/A       52%         4
 Ignite Poison            Fire/Alch      5%         N/A       65%         4
 Iskenderun's Mystic Bla  Conj/Tloc      5%         2d3       65%         4
 Leda's Liquefaction      Alch/Erth      2%         N/A       65%         4
 Silence                  Hex/Air        5%         N/A       86%         5
 Summon Mana Viper        Hex/Summ       10%        N/A       86%         5
 Freezing Cloud           Conj/Ice/Air   4%         6-21      88%         5
 Lee's Rapid Deconstruct  Erth           2%         3d5*      94%         5
 Bombard                  Conj/Erth      2%         9d1       100%        6
 Haunt                    Necr/Summ      12%        N/A       100%        7
 Monstrous Menagerie      Summ           2%         N/A       100%        7
 Infestation              Necr           21%        N/A       100%        8
 Animate Dead             Necr           Unusable   N/A       N/A         4

Dungeon Overview and Level Annotations

Branches:
Dungeon (13/15)            Temple (1/1) D:6            Lair (5/5) D:10
  Swamp (0/4) Lair:2       Spider (0/4) Lair:2          Orc (2/2) D:10
    Elf (0/3) Orc:2        Vaults (0/5) D:13
  Slime: Lair:4-5

Altars:
Ashenzari
Cheibriados
Dithmenos
Elyvilon
Fedhas
Gozag
Hepliaklqana
Kikubaaqudgha
Makhleb
Nemelex Xobeh
Okawaru
Qazlal
Ru
Sif Muna
Trog
Uskayaw
Wu Jian
Xom
Yredelemnul
Zin
The Shining One
Lugonu

Shops:
D:10 *(=   Orc:2 ?![[

Portals:
Abyss: Lair:2

Annotations:
D:4 3 runed translucent doors, shadizar's ghost, amateur DjCj
D:13 sanka's ghost, journeyman MiFi
Lair:2 2 transporters
Lair:4 exclusion: 2 oklob plants


Innate Abilities, Weirdness & Mutations

You are something dangerously unstable.
You glow with magical radiation, making you easy to see and hit.
Foes you strike become dangerously contaminated with magical radiation.
You are incapable of wielding weapons or throwing items.
You cannot wear most types of armour.
You are amphibious.
You can wear up to eight rings at the same time.
Your skin changes colour to match your surroundings (Stealth+).
Your rubbery body absorbs attacks. (AC +1, EV +1)
((You are camouflaged when in or above water. (Stealth+)))
You have tentacles for arms and can constrict up to eight enemies at once.


Message History

You barely miss sanka's ghost.
Sanka's ghost is heavily damaged.
Sanka's ghost completely misses you.
You tentacle-slap sanka's ghost but do no damage.
Sanka's ghost shudders as magic cascades through it!!
You squeeze sanka's ghost, but do no damage.
Sanka's ghost is heavily damaged.
You tentacle-slap sanka's ghost but do no damage.
Sanka's ghost begins to glow.
Sanka's ghost is heavily damaged.
Sanka's ghost hits you. Sanka's ghost freezes you.
* * * LOW HITPOINT WARNING * * *
You tentacle-slap sanka's ghost but do no damage.
Sanka's ghost glows dangerously bright.
Sanka's ghost is heavily damaged.
Sanka's ghost whispers, "There is no future for you."
Sanka's ghost hits you!!
* * * LOW HITPOINT WARNING * * *
Sanka's ghost freezes you.
* * * LOW HITPOINT WARNING * * *
You feel much better.
The wailing of tortured souls fills the air!
You are losing your grip on the fallen.
Sanka's ghost hits you but does no damage.
You feel yourself speed up. Sanka's ghost hits you!!
* * * LOW HITPOINT WARNING * * *
Sanka's ghost freezes you.
* * * LOW HITPOINT WARNING * * *
You feel much better.
Sanka's ghost hits you but does no damage.
You tentacle-slap sanka's ghost but do no damage.
Sanka's ghost shudders as magic cascades through it!!
Your squeeze misses sanka's ghost.
Sanka's ghost is almost destroyed.
You bludgeon sanka's ghost!
Sanka's ghost begins to glow.
Your squeeze misses sanka's ghost.
Sanka's ghost is almost destroyed.
Sanka's ghost hits you!!
You die...
Your body crumbles into a pile of gold.

....#######..##.##############...
.............##.#### #####.....##
..#######..........###.....#####
.........#.............########
.....................#...##...##
.........##.##..####...........##
.........##.....#...............#
..........##....#W...............
##..#####....##.p##'''##.......<#
##....####......##...$.##......##
##.##.##...#....#.$._$$!###...##
...##.#..#..).#.#8..8..8# #####
...##.>....))##.#......!#
........#.##)##.##.8∩8.##
...###..#...)....########
...###..#..........# #..#
.....##............# ##.#


You could see sanka's ghost (contam).

Vanquished Creatures
  Kirke (Lair:4)
  2 orc warlords (Orc:2)
  Nessos (Lair:4)
  An ettin (Orc:2)
  Snorg (Lair:3)
  A vault guard (D:13)
  Harold (Orc:1)
  Fannar (Orc:1)
  Erolcha (D:10)
  A catoblepas (Lair:5)
  11 hydras
  A centaur warrior (D:13)
  Erica (Orc:1)
  A dancing weapon (D:13)
  4 two-headed ogres
  A boulder beetle (D:12)
  The ghost of dorian the Slicer, a journeyman VSBr of Uskayaw (D:12)
  9 death yaks
  6 orc high priests
  Urug (D:10)
  Nergalle (Lair:1)
  Amaemon (Lair:1)
  4 skeletal warriors (D:13)
  A bog body (Lair:2)
  A deep elf pyromancer (D:13)
  A harpy (shapeshifter) (D:10)
  5 orc sorcerers (Orc:2)
  2 wolf spiders (Lair:5)
  Maurice (D:10)
  6 orc knights
  3 manticores
  4 elephants
  4 cyclopes
  A guardian serpent (Lair:5)
  2 kobold blastminers (Orc:2)
  15 black mambas
  Joseph (D:10)
  An orange demon (Lair:1)
  11 cane toads
  A gargoyle (D:13)
  An efreet (D:13)
  4 komodo dragons
  An unseen horror (D:12)
  6 rime drakes
  Jeremiah (Lair:1)
  7 kobold demonologists (D:12)
  4 trolls
  Grinder (D:3)
  9 hornets
  10 blink frogs (Lair:2)
  2 polar bears
  A blink frog (shapeshifter) (D:13)
  2 shadows
  17 wyverns
  40 yaks
  A centaur simulacrum (D:13)
  A culicivora (Lair:2)
  2 wraiths
  2 hogs (Lair:4)
  5 basilisks
  A redback (Lair:2)
  A steam dragon (D:8)
  8 wargs
  2 acid dragons
  21 water moccasins
  5 black bears
  2 sky beasts
  51 orc warriors
  An ice beast (D:6)
  16 ogres
  9 centaurs
  A phantom (D:6)
  17 wolves
  12 kobold brigands
  12 bullfrogs
  2 gnoll sergeants
  A scorpion (D:6)
  A quasit (D:4)
  27 orc priests
  A hound (D:5)
  A gnoll bouda (D:6)
  2 iguanas
  3 sleepcaps
  Natasha (thrice) (D:3)
  23 orc wizards
  9 adders
  15 gnolls
  3 shadow imps
  4 white imps
  An ufetubus (D:4)
  3 dart slugs
  90 orcs
  5 endoplasms
  2 giant cockroaches
  4 hobgoblins
  3 quokkas
  A ball python (D:2)
  4 bats
  A frilled lizard (D:3)
  8 goblins
  15 kobolds
  2 rats
  A spectral orc (D:3)
  A butterfly (D:7)
625 creatures vanquished.

Vanquished Creatures (collateral kills)
  An orc sorcerer (Orc:2)
  An orc wizard (Orc:2)
  An orc (Orc:2)
3 creatures vanquished.

Vanquished Creatures (others)
  An elephant (Lair:2)
  5 humans (Lair:4)
  An orc warrior (D:10)
  A centaur (D:10)
8 creatures vanquished.

Grand Total: 636 creatures vanquished

Notes
Turn   | Place    | Note
-------+----------+-------------------------------------------
     0 | D:1      | Aviak the Octopode Shapeshifter began the quest for the
                  | Orb.
     0 | D:1      | Reached XP level 1. HP: 13/13 MP: 1/1
   103 | D:1      | Reached XP level 2. HP: 18/18 MP: 2/2
   817 | D:2      | Reached XP level 3. HP: 22/23 MP: 3/3
   956 | D:2      | Found a faded altar of an unknown god.
  1179 | D:3      | Reached XP level 4. HP: 27/29 MP: 4/4
  1233 | D:3      | Found a glowing silver altar of Zin.
  1280 | D:3      | Noticed Grinder
  1307 | D:3      | Killed Grinder
  1308 | D:3      | Reached skill level 4 in Unarmed Combat
  1308 | D:3      | Reached XP level 5. HP: 7/36 MP: 5/5
  1308 | D:3      | Reached XP level 6. HP: 9/42 MP: 6/6
  1515 | D:3      | Found a broken altar of Ashenzari.
  1638 | D:3      | Noticed Natasha
  1644 | D:3      | Killed Natasha
  1743 | D:3      | Found a shimmering blue altar of Sif Muna.
  1785 | D:3      | Found a bloodstained altar of Trog.
  1870 | D:3      | Noticed Natasha
  1875 | D:3      | Killed Natasha
  1885 | D:3      | Noticed Natasha
  1893 | D:3      | Killed Natasha
  2061 | D:3      | Found a basalt altar of Yredelemnul.
  2113 | D:4      | Found a runed translucent gate.
  2113 | D:4      | Found a runed translucent gate.
  2113 | D:4      | Found a runed translucent gate.
  2118 | D:4      | Noticed shadizar's ghost (amateur DjCj)
  2585 | D:4      | Reached XP level 7. HP: 43/46 MP: 7/7
  2746 | D:5      | Entered Level 5 of the Dungeon
  3741 | D:6      | Found a staircase to the Ecumenical Temple.
  3773 | D:6      | Reached skill level 5 in Unarmed Combat
  3955 | Temple   | Entered the Ecumenical Temple
  3966 | Temple   | Became a worshipper of Gozag Ym Sagoz the Greedy
  4004 | D:6      | Reached skill level 5 in Shapeshifting
  4004 | D:6      | Reached XP level 8. HP: 16/54 MP: 8/8
  4221 | D:6      | Noticed a yak
  4229 | D:6      | Reached skill level 5 in Dodging
  4238 | D:6      | Noticed a yak
  4248 | D:6      | Noticed a yak
  4249 | D:6      | Noticed a yak
  4258 | D:6      | Killed a yak
  4259 | D:6      | Reached skill level 5 in Fighting
  4264 | D:6      | Reached skill level 6 in Unarmed Combat
  4270 | D:6      | Killed a yak
  4277 | D:6      | Killed a yak
  4278 | D:6      | Reached XP level 9. HP: 20/61 MP: 9/9
  4633 | D:6      | Found a snail-covered altar of Cheibriados.
  5598 | D:7      | Identified the +1 scale mail of the Pits of Slime {rF+
                  | Dex+2 Stlth+}
  5627 | D:7      | Found a shimmering altar of Xom.
  5661 | D:7      | Found a hide-covered altar of Uskayaw.
  5661 | D:7      | Noticed a +0 falchion
  5661 | D:7      | Noticed a +0 short sword
  5662 | D:7      | Noticed a +0 dagger
  5663 | D:7      | Noticed a +0 spear
  5663 | D:7      | Noticed a +0 dagger
  5663 | D:7      | Noticed a +0 short sword
  5664 | D:7      | Noticed a +0 spear
  5665 | D:7      | Noticed a +0 falchion
  6367 | D:8      | Reached skill level 7 in Unarmed Combat
  6737 | D:8      | Noticed a hornet
  6749 | D:8      | Killed a hornet
  7258 | D:8      | Reached XP level 10. HP: 64/69 MP: 10/10
  7621 | D:9      | Found a stormy altar of Qazlal.
  7753 | D:9      | Found a hazy altar of Hepliaklqana.
  7850 | D:9      | Found an ornate altar of the Wu Jian Council.
  8377 | D:9      | Reached skill level 8 in Unarmed Combat
  8411 | D:9      | Noticed a two-headed ogre
  8433 | D:9      | Killed a two-headed ogre
  8774 | D:10     | Entered Level 10 of the Dungeon
  8895 | D:10     | Noticed Urug
  8905 | D:10     | Killed Urug
  8906 | D:10     | Reached skill level 9 in Unarmed Combat
  9027 | D:10     | Noticed Joseph
  9038 | D:10     | Reached XP level 11. HP: 39/78 MP: 11/11
  9050 | D:10     | Killed Joseph
  9051 | D:10     | Reached skill level 1 in Evocations
  9317 | D:10     | Noticed Maurice
  9319 | D:10     | Maurice stole a +0 buckler
  9323 | D:10     | Killed Maurice
  9324 | D:10     | Noticed Erolcha
  9350 | D:10     | Killed Erolcha
  9360 | D:10     | Found a staircase to the Lair.
  9515 | D:10     | Found a staircase to the Orcish Mines.
  9518 | D:10     | Found Mawaf's Weapon Shop.
  9671 | D:10     | Found an ancient bone altar of Kikubaaqudgha.
  9808 | D:10     | Learned a level 3 spell: Fugue of the Fallen
  9876 | D:10     | Noticed a cyclops
  9885 | D:10     | Killed a cyclops
  9913 | D:10     | Noticed a manticore
  9925 | D:10     | Killed a manticore
  9926 | D:10     | Reached skill level 1 in Necromancy
 10099 | D:10     | a hog changed into a harpy
 10099 | D:10     | Noticed a harpy (shapeshifter)
 10104 | D:10     | Killed a harpy
 10105 | D:10     | Reached skill level 5 in Evocations
 10563 | D:10     | Found Movaobipn's General Store.
 10571 | D:10     | Bought a potion of heal wounds for 75 gold pieces
 10571 | D:10     | Bought a potion of heal wounds for 75 gold pieces
 10571 | D:10     | Bought a scroll of blinking for 112 gold pieces
 10597 | Lair:1   | Entered Level 1 of the Lair of Beasts
 10671 | Lair:1   | Reached skill level 10 in Unarmed Combat
 10830 | Lair:1   | Noticed Jeremiah
 10847 | Lair:1   | Killed Jeremiah
 10863 | Lair:1   | Noticed Nergalle
 10883 | Lair:1   | Killed Nergalle
 10890 | Lair:1   | Reached skill level 11 in Unarmed Combat
 10894 | Lair:1   | Reached XP level 12. HP: 50/85 MP: 12/12
 11176 | Lair:1   | Noticed Amaemon
 11187 | Lair:1   | Killed Amaemon
 11188 | Lair:1   | Reached skill level 12 in Unarmed Combat
 11875 | Lair:2   | Reached skill level 1 in Spellcasting
 12133 | Lair:2   | Found a hole to the Spider Nest.
 12275 | Lair:2   | Noticed a four-headed hydra
 12286 | Lair:2   | Killed a four-headed hydra
 12481 | Lair:2   | Found a staircase to the Swamp.
 12649 | Lair:2   | Reached skill level 13 in Unarmed Combat
 12798 | Lair:2   | Noticed a seven-headed hydra
 12816 | Lair:2   | Killed a seven-headed hydra
 12817 | Lair:2   | Reached skill level 5 in Necromancy
 13099 | Lair:2   | Reached skill level 1 in Shields
 13145 | Lair:2   | Noticed a four-headed hydra
 13155 | Lair:2   | Killed a four-headed hydra
 13397 | Lair:2   | Found the amulet of the Four Winds {rN+ Will+++ Clar}
 13424 | Lair:2   | Found a one-way gate to the infinite horrors of the Abyss.
 13713 | Lair:2   | Reached XP level 13. HP: 67/91 MP: 16/16
 13930 | Lair:2   | Reached skill level 10 in Dodging
 13995 | Lair:2   | Reached skill level 10 in Fighting
 14204 | Lair:2   | Found a transporter.
 14319 | Lair:2   | Found a transporter.
 15050 | Lair:3   | Noticed Snorg
 15064 | Lair:3   | Killed Snorg
 16611 | Lair:4   | Noticed Kirke
 16630 | Lair:4   | Killed Kirke
 16662 | Lair:4   | Noticed Nessos
 16675 | Lair:4   | Killed Nessos
 17815 | Lair:4   | Paralysed by a hornet for 3 turns
 18157 | Lair:5   | Entered Level 5 of the Lair of Beasts
 18184 | Lair:4   | Reached XP level 14. HP: 98/101 MP: 17/17
 18634 | Lair:5   | Reached skill level 14 in Unarmed Combat
 19859 | Lair:5   | Identified the +3 flail "Ratemn" {holy, *Corrode Fly rN+++
                  | SInv}
 20583 | Lair:5   | Learned a level 2 spell: Ensorcelled Hibernation
 20589 | Lair:5   | Learned a level 5 spell: Curse of Agony
 20625 | Lair:5   | Reached skill level 1 in Ice Magic
 20635 | Lair:5   | Reached skill level 1 in Hexes
 21698 | Orc:1    | Entered Level 1 of the Orcish Mines
 22804 | Orc:1    | Noticed Fannar
 22815 | Orc:1    | Killed Fannar
 23007 | Orc:1    | Noticed Harold
 23015 | Orc:1    | Killed Harold
 23106 | Orc:1    | Noticed Erica
 23128 | Orc:1    | Killed Erica
 23240 | Orc:2    | Entered Level 2 of the Orcish Mines
 23546 | Orc:2    | Noticed an orc warlord
 23570 | Orc:2    | Killed an orc warlord
 23571 | Orc:2    | Reached XP level 15. HP: 95/108 MP: 20/20
 23637 | Orc:2    | Found Pecaicown's Magic Scroll Emporium.
 23848 | Orc:2    | Bought a scroll of teleportation for 39 gold pieces
 23848 | Orc:2    | Bought a scroll of teleportation for 39 gold pieces
 23848 | Orc:2    | Bought a scroll of teleportation for 39 gold pieces
 23848 | Orc:2    | Bought a scroll of identify for 26 gold pieces
 23848 | Orc:2    | Bought a scroll of revelation for 97 gold pieces
 23857 | Orc:2    | Found Zesuh's Distillery.
 23871 | Orc:2    | Reached skill level 10 in Shapeshifting
 23899 | Orc:2    | Bought a potion of heal wounds for 65 gold pieces
 23899 | Orc:2    | Bought a potion of curing for 39 gold pieces
 23899 | Orc:2    | Bought a potion of haste for 130 gold pieces
 23899 | Orc:2    | Bought a potion of curing for 39 gold pieces
 24839 | Orc:2    | Found a staircase to the Elven Halls.
 25428 | Orc:2    | Noticed an orc warlord
 25473 | Orc:2    | HP: 5/108 [orc warlord/+2 war axe (30)]
 25734 | Orc:2    | Killed an orc warlord
 25924 | Orc:2    | Found Aplohug's Armour Emporium.
 26123 | Orc:2    | Found Biurytt's Antique Armour Shoppe.
 26566 | D:10     | Bought the ring "Coehot" {+Blink rF+ rN+ rCorr} for 780
                  | gold pieces
 26566 | D:10     | Bought the ring "Kyirchiut" {rPois Dex+3} for 532 gold
                  | pieces
 26573 | D:10     | Bought a +4 ring of protection for 576 gold pieces
 26623 | D:10     | Identified the +2 ring mail of the Blind Marksman {rC+
                  | rCorr}
 27804 | D:12     | Found a corrupted altar of Lugonu.
 27938 | D:12     | Found a runed translucent gate.
 27939 | D:12     | Found a runed translucent gate.
 27939 | D:12     | Found a runed translucent gate.
 27940 | D:12     | Noticed dorian's ghost (journeyman VSBr)
 27955 | D:12     | Killed dorian's ghost
 28910 | D:13     | Found a runed translucent gate.
 28912 | D:13     | Found a runed translucent gate.
 28912 | D:13     | Found an opulent altar of Gozag.
 28913 | D:13     | Found a runed translucent gate.
 28917 | D:13     | Noticed sanka's ghost (journeyman MiFi)
 28950 | D:13     | Found a gate to the Vaults.
 29210 | D:13     | HP: 5/109 [sanka's ghost (25)]
 29215 | D:13     | Slain by sanka's ghost

Illustrated notes

Levels and vault maps discovered:
D:1:      lemuel_arrival_muddy, layout_basic, dk_noncrumbling_3,
          serial_park_tiny_2, chequers_serial_rivers_room_b,
          serial_bayou_crossing
D:2:      layout_basic, hellmonk_ecumenical_altar_run_dry
D:3:      layout_loops_ring, yredelemnul_forgotten_temple_becter,
          lemuel_blue_sif_altar, lemuel_tele_altar, ashenzari_altar_1,
          lemuel_doored_altar, palyth_stone_intersect, uniq_natasha,
          uniq_grinder
D:4:      layout_basic, gammafunk_ghost_split, serial_demonic, serial_demonic_g,
          serial_demonic_c, serial_demonic_b, serial_demonic_g,
          serial_demonic_d, serial_demonic_d, nicolae_hexahallways,
          lemuel_flame_loot_1
D:5:      layout_basic, minmay_manual_macuahuitl
D:6:      layout_layer_cave, mainiacjoe_overflow_alcove_4,
          minmay_temple_entry_ruins
D:7:      layout_loops_corners, nicolae_overflow_hidden_temple,
          nicolae_uskayaw_en_pointe, xom_butterflies,
          serial_library_hellmonk_big_corner
D:8:      layout_loops_ring
D:9:      layout_loops_corners, nicolae_qazlal_style_of_elements,
          nzn_wu_jian_council_hall, nzn_hepliaklqana_mist_gate, nrook_uturn
D:10:     layout_long_grid, mainiacjoe_overflow_cross_hatched,
          david_lair_generic, orc_david_3, serial_shops, shop_statue,
          chequers_jeans, wad_mini_maze, uniq_erolcha, uniq_urug, uniq_maurice,
          uniq_joseph
D:11:     layout_loops_ring
D:12:     kennysheep_kobold_lugonu_temple, layout_long_grid,
          gammafunk_ghost_nasty_kobolds
D:13:     layout_rooms, erik_vaults_1, ebering_ghost_gozag
Temple:   nicolae_temple_figure_zero
Lair:1:   layout_roguey, uniq_amaemon, uniq_jeremiah, uniq_nergalle
Lair:2:   layout_gridlike, skrybe_swamp_entry_bodies, spider_nest_entry_rubble,
          gammafunk_ghost_abyssal_escape, minmay_shattered_shrine
Lair:3:   layout_concentric_octagons, uniq_snorg
Lair:4:   beast_lair_carwin_large_3, layout_small_grid,
          minmay_slime_entry_oklob_enclosed, minmay_hedge_maze,
          dreamdust_wasp_nest, infiniplex_staircase_pool, uniq_kirke,
          uniq_nessos
Lair:5:   hangedman_lair_tendril_chambers, layout_small_grid
Orc:1:    layout_caves, basic_altar, uniq_erica, uniq_harold, uniq_fannar
Orc:2:    pubby_orc_utopia

Skill      XL: |  1  2  3  4  5  6  7  8  9 10 11 12 13 14 15 |
---------------+----------------------------------------------+-----
Fighting       | 2 3 4 5 6 8 9 11 12 | 12.3
Dodging        | 3 4 5 7 8 9 11 12 | 12.0
Unarmed Combat | 4 5 6 7 9 11 13 14 | 14.4
Shapeshifting  | 4 5 7 8 9 13 | 13.0
Evocations     | 6 |  6.0
Necromancy     | 3 5 6 7 |  7.6
Spellcasting   | 2 3 4 |  4.0
Shields        | 2 4 |  4.3
Ice Magic      | 2 |  2.1
Hexes          | 2 |  2.1

Action                     |  1- 3 |  4- 6 |  7- 9 | 10-12 | 13-15 || total
---------------------------+-------+-------+-------+-------+-------++-------
  Melee: Unarmed           |    55 |    70 |   253 |   483 |  1336 ||  2197
         Constrict         |    14 |    17 |    48 |    70 |   226 ||   375
         Tentacles         |    10 |    21 |    74 |   160 |   472 ||   737
         Punch             |       |     2 |     6 |     1 |     7 ||    16
   Cast: Fugue of the Fall |       |       |       |     1 |    24 ||    25
         Ensorcelled Hiber |       |       |       |       |     5 ||     5
         Curse of Agony    |       |       |       |       |     7 ||     7
 Invoke: Potion Petition   |       |       |       |     3 |     3 ||     6
         Call Merchant     |       |       |       |       |     1 ||     1
Ability: Begin Untransform |       |       |     1 |       |     2 ||     3
  Evoke: Wand              |       |       |       |    22 |    29 ||    51
    Use: Scroll            |       |       |     6 |     8 |    18 ||    32
         Potion            |       |       |     2 |     5 |    12 ||    19
   Stab: Sleeping          |     6 |     3 |     2 |       |     3 ||    14
         Distracted        |       |       |     1 |     3 |     7 ||    11
 Armour: Skin              |    19 |    33 |    99 |   199 |   478 ||   828
  Dodge: Dodged            |    34 |    36 |   175 |   444 |  1004 ||  1693
  Block: Other             |       |       |       |       |   226 ||   226
         Reflection        |       |       |       |       |     7 ||     7
   Form: Flux              |       |       |     1 |       |     1 ||     2
         Blade             |       |       |       |       |     1 ||     1
